Map: Blackburn LE

Players

Deckboy

  • Race: Terran Terran
  • League: Gold

Nicknardo - Winner!

  • Race: Terran Terran
  • League: Gold

VOD

Have the link to the VOD?

Description

Time

  • Played on: Sept. 27, 2021, 12:09 a.m.
  • Length: 5:31
Show
View Real Time Build Order
Export as new Build Order

Deckboy Terran 

Build Orders:  

Get SALT Encoding   

  12  0:00  SCV  
  13  0:16  Supply Depot  
  13  0:18  SCV  
  14  0:30  SCV  
  14  0:34  Refinery  
  15  0:45  Barracks  
  15  0:49  SCV  
  16  1:07  Barracks  
  16  1:11  Barracks  
  16  1:14  SCV  
  17  1:38  Supply Depot  
  17  1:44  SCV  
  17  1:45  Barracks Tech Lab  
  18  1:50  Barracks  
  18  1:57  Marine  
  19  2:15  Concussive Shells, Marauder  
  20  2:24  Orbital Command  
  20  2:36  Marauder  
  22  2:37  Barracks Tech Lab  
  22  2:46  Marine  
  22  2:50  SCV  
  24  2:56  Marauder  
  24  2:58  Marauder  
  28  3:17  Marauder  
  30  3:29  Marine  
  28  3:46  Marauder  
  28  3:47  Marine  
  18  4:05  Marine  
  18  4:07  Marauder  
  13  4:23  Marine  
  11  4:29  Marauder  
Show
View Real Time Build Order
Export as new Build Order

Nicknardo Terran - Winner!

Build Orders:  

Get SALT Encoding   

  12  0:06  SCV  
  13  0:18  SCV  
  14  0:23  Supply Depot  
  14  0:31  SCV  
  14  0:32  Refinery  
  15  0:44  SCV  
  15  0:48  Barracks  
  16  0:56  SCV  
  17  1:09  Barracks  
  17  1:22  Barracks  
  17  1:44  Barracks Reactor  
  17  1:47  Supply Depot  
  17  1:51  Orbital Command, Refinery  
  17  2:17  Reaper  
  17  2:20  Reaper  
  17  2:21  Reaper  
  20  2:31  SCV  
  20  2:34  Supply Depot  
  21  2:43  SCV  
  22  2:44  Supply Depot  
  22  2:49  Reaper  
  23  2:53  Reaper x2  
  25  3:02  SCV  
  26  3:11  Engineering Bay  
  26  3:15  SCV  
  27  3:26  Marine x3  
  28  3:44  Marine  
  28  3:50  Marine  
  28  3:51  Marine  
  28  4:02  Marine  
  29  4:08  Marine  
  29  4:09  Reaper  
  26  4:20  Reaper  
  26  4:26  Marine  
  26  4:41  Reaper  
  26  4:44  Marine  
  28  4:53  Marine  
  25  5:11  Marine  
  25  5:13  Marine  
Tags
 
League
GoldGold
Matchup
TvT
Race
Terran
Add a new tag
Caveats
  • Supply blocks, unpowered buildings, or Contaminate may cause inaccurate times.
  • Supply counts are checked every 10 seconds.